Map: [ESL] Tropical Sacrifice

Players

LiquidClem (Clem) - Winner!

  • Race: Terran Terran
  • League: Grandmaster
  • Spawn Location: 1:00

ShoWTimE

  • Race: Protoss Protoss
  • Spawn Location: 7:00

Event: HomeStory Cup XXII

VOD

Have the link to the VOD?

Description

Time

  • Played on: Dec. 15, 2022, 11:15 a.m.
  • Length: 7:31

All games in this series

Show
View Real Time Build Order
Export as new Build Order

LiquidClem Terran - Winner!

Build Orders: Reaper Expand 

Get SALT Encoding   

  12  0:00  SCV  
  13  0:12  SCV  
  14  0:17  Supply Depot  
  14  0:24  SCV  
  15  0:39  SCV  
  15  0:41  Barracks  
  16  0:44  Refinery  
  16  0:51  SCV  
  17  1:03  SCV  
  18  1:15  SCV  
  19  1:27  Reaper, Orbital Command  
  20  1:43  Command Center  
  20  1:50  Supply Depot  
  21  1:54  SCV  
  21  1:59  Marine  
  22  2:06  SCV  
  23  2:11  Factory  
  23  2:18  SCV  
  23  2:20  Bunker  
  23  2:22  Barracks Reactor  
  24  2:30  SCV  
  24  2:34  Engineering Bay  
  25  2:42  SCV  
  24  2:55  SCV  
  24  2:56  Hellion  
  27  2:59  Marine  
  27  3:00  Marine  
  28  3:06  Orbital Command  
  28  3:07  SCV  
  29  3:17  Hellion, Marine x2  
  33  3:20  SCV  
  33  3:32  SCV x2  
  33  3:37  Marine x2  
  35  3:41  Factory Tech Lab  
  35  3:44  SCV  
  36  3:49  Barracks, SCV  
  36  3:55  Marine x2  
  39  3:56  SCV  
  39  4:01  SCV  
  39  4:02  Cyclone  
  44  4:07  Supply Depot  
  44  4:09  SCV  
  45  4:12  Barracks, Marine  
  45  4:13  Marine  
  45  4:14  SCV  
  44  4:17  Missile Turret  
  44  4:21  SCV  
  45  4:24  Refinery  
  45  4:26  SCV  
  45  4:30  Marine x2  
  48  4:38  SCV x2  
  49  4:42  Factory Tech Lab  
  49  4:43  Supply Depot  
  49  4:44  Marine  
  49  4:45  Stimpack  
  51  4:50  SCV, Marine, Refinery  
  51  4:51  Marine  
  54  4:59  Supply Depot  
  54  5:04  SCV x2  
  54  5:05  Marauder  
  58  5:08  Marine x2  
  58  5:13  Supply Depot, Combat Shield  
  60  5:14  Marauder  
  60  5:17  SCV  
  60  5:18  SCV  
  64  5:22  Starport  
  64  5:23  Factory Reactor  
  64  5:27  Marine  
  65  5:28  Marine  
  65  5:29  SCV  
  65  5:33  Marauder  
  69  5:36  SCV, Refinery  
  69  5:39  Marauder  
  69  5:41  SCV  
  73  5:47  Marine x2  
  75  5:54  Marauder  
  75  5:55  Supply Depot  
  78  5:59  Missile Turret  
  78  6:03  Marine  
  74  6:05  SCV  
  74  6:08  SCV  
  71  6:11  Medivac  
  71  6:12  Medivac  
  71  6:13  Marine  
  71  6:15  Marine  
  71  6:16  Marauder  
  79  6:19  SCV  
  79  6:25  Concussive Shells, Factory Reactor  
  80  6:27  Marauder  
  80  6:30  Supply Depot  
  80  6:31  Marine  
  83  6:33  SCV x2, Marine  
  83  6:38  Marauder  
  86  6:45  Medivac x2  
  83  6:50  Marine  
  83  6:51  Marauder  
  84  6:57  Marine  
  86  7:03  Widow Mine  
  86  7:05  Widow Mine  
  88  7:16  Supply Depot  
Show
View Real Time Build Order
Export as new Build Order

ShoWTimE Protoss 

Build Orders: Zealot Archon, Archon Drop, Dark Templar Rush 

Get SALT Encoding   

  12  0:00  Probe  
  13  0:12  Probe  
  14  0:18  Pylon  
  14  0:24  Probe  
  15  0:36  Probe  
  15  0:38  Gateway  
  16  0:46  Pylon  
  16  0:50  Probe  
  17  0:58  Assimilator  
  17  1:02  Probe  
  18  1:09  Gateway  
  18  1:14  Probe  
  19  1:26  Probe, Cybernetics Core  
  20  1:34  Assimilator  
  20  1:38  Probe  
  21  1:50  Probe  
  22  2:01  Adept (Chrono Boost)  
  22  2:06  Warp Gate  
  22  2:07  Probe  
  22  2:08  Adept (Chrono Boost)  
  27  2:19  Pylon  
  27  2:28  Adept (Chrono Boost)  
  29  2:30  Adept (Chrono Boost)  
  31  2:39  Twilight Council  
  31  2:51  Adept  
  33  3:02  Probe  
  34  3:13  Nexus  
  34  3:20  Dark Shrine  
  32  3:35  Probe  
  33  3:47  Probe  
  33  3:48  Robotics Facility  
  32  3:57  Gateway  
  32  3:59  Probe  
  31  4:03  Adept  
  33  4:11  Probe  
  34  4:20  Charge (Chrono Boost)  
  34  4:23  Probe  
  35  4:24  Gateway  
  35  4:26  Probe  
  36  4:34  Dark Templar  
  36  4:36  Dark Templar  
  40  4:45  Warp Prism (Chrono Boost)  
  40  4:58  Gateway  
  40  5:04  Gateway  
  40  5:15  Gateway  
  40  5:19  Gateway  
  40  5:22  Probe x2  
  40  5:26  Sentry  
  44  5:32  Pylon  
  44  5:38  Zealot x2  
  48  5:52  Pylon  
  48  6:00  Dark Templar x3  
  54  6:10  Zealot x3  
  60  6:12  Archon  
  60  6:14  Pylon  
  60  6:17  Zealot  
  62  6:22  Archon  
  62  6:23  Zealot  
  64  6:44  Zealot x4, Dark Templar  
  68  6:51  Zealot x2  
  66  7:00  Zealot  
  64  7:09  Zealot x3  
Tags
 
Add a new tag
Caveats
  • Supply blocks, unpowered buildings, or Contaminate may cause inaccurate times.
  • Supply counts are checked every 10 seconds.